 Dungeon Crawl Stone Soup version 0.30-a0-652-gcc886f7154 (webtiles) character file.

Game seed: 10672987405552908303

9 wormed the Sneak (level 2, -1/19 HPs)
             Began as a Kobold Delver on Jan 18, 2023.
             Slain by a gnoll
             ... wielding a +0 club
             ... led by a gnoll bouda
              (4 damage)
             ... on level 4 of the Dungeon.
             The game lasted 00:00:46 (122 turns).

wormed the Sneak (Kobold Delver)                     Turns: 122, Time: 00:00:47

Health: -1/19      AC:  3    Str:  9    XL:     2   Next: 20%
Magic:  2/2        EV: 14    Int: 11    God:
Gold:   4          SH:  0    Dex: 16    Spells: 1/1 levels left

rFire   . . .      SeeInvis .    a - +0 short sword
rCold   . . .      Faith    .    (no shield)
rNeg    . . .      Spirit   .    b - +0 leather armour
rPois   .          Reflect  .    (no helmet)
rElec   .          Harm     .    (no cloak)
rCorr   .          Rampage  .    (no gloves)
Will    .....                    (no boots)
Stlth   ++++                     (no amulet)
HPRegen 0.23/turn                (no ring)
MPRegen 0.08/turn                (no ring)

@: no status effects
A: small, no large weapons, nightstalker 3
a: no special abilities


You were on level 4 of the Dungeon.
You visited 1 branch of the dungeon, and saw 2 of its levels.

You collected 4 gold pieces.

Inventory:

Hand Weapons
 a - a +0 short sword (weapon)
Armour
 b - a +0 leather armour (worn)
Wands
 g - a wand of digging (3)
Scrolls
 c - a scroll of fog
 e - a scroll of fear


   Skills:
 + Level 3.4 Fighting
 * Level 3.2 Short Blades
 + Level 2.6 Dodging
 + Level 6.7 Stealth


You had one spell level left.
You didn't know any spells.
Your spell library contained the following spells:

 Spells                   Type           Power      Damage    Failure   Level
 Sandblast                Erth           0%         2d4       45%         1
 Passwall                 Tmut/Erth      0%         N/A       58%         2
 Stone Arrow              Conj/Erth      0%         3d7       83%         3


Dungeon Overview and Level Annotations

Branches:
Dungeon (5/15)
 Temple: D:4-7

Altars:


Innate Abilities, Weirdness & Mutations

You are small and have problems with some larger weapons.
You are completely attuned to the shadows.


Message History

There is a stone staircase leading down here.
An adder comes into view.
An adder is nearby!
Found 4 gold pieces.
The helpless adder fails to defend itself.
You impale the adder!!
You kill the adder!
Your Short Blades skill increases to level 3!
You have reached level 2!
You see here an adder corpse.
Your extra speed is starting to run out.
You now have 4 gold pieces.
You see here an adder corpse.
You feel yourself slow down.
Found 4 stones.
You see here 4 stones.
Found a stone staircase leading up.
You see here the +1 broad axe "Qoupot" {freeze, rElec Dex+4}.
A gnoll comes into view. It is wielding a +0 club.
Found a stone staircase leading down.
A gnoll is nearby!
A gnoll comes into view. It is wielding a +0 club.
A gnoll bouda and a gnoll come into view.
The gnoll bouda is wielding a +0 club and wearing a +2 leather armour of cold resistance.
Found an escape hatch in the ceiling.
The gnoll bouda gazes fiercely through you!
You feel your attacks grow feeble.
The gnoll shouts!
You hear a shout!
The gnoll shouts!
You hear a shout!
The gnoll bouda barks out a call to the hunt!
The gnoll picks up the pace!
Your attacks no longer feel as feeble.
You see here the +1 broad axe "Qoupot" {freeze, rElec Dex+4}.
The gnoll attacks as you move away! The gnoll closely misses you.
The gnoll hits you with a +0 club. The gnoll attacks as you move away!
The gnoll hits you with a +0 club. The gnoll attacks as you move away!
The gnoll hits you with a +0 club!
* * * LOW HITPOINT WARNING * * *
The gnoll hits you with a +0 club.
You die...

#.....###......#
....#†..#...#...#
.##..##..#..##.###
#..#########.#
##..##..#..##.##
#......#...#...#..#
#...#.....###.....#
#...#....#####....#
#.
#...#.#.g@......#.#
#.##
###..g..##..#####.#
#...###...#.#####<#
.# ........###.#
#.# .....#### #.#
#.# .......# #.#
#.# ..g.>....
.......## .......#


You could see a gnoll bouda and a gnoll (swift).

Vanquished Creatures
  An adder (D:4)
1 creature vanquished.

Notes
Turn   | Place    | Note
-------+----------+-------------------------------------------
     0 | D:5      | wormed the Kobold Delver began the quest for the Orb.
     0 | D:5      | Reached XP level 1. HP: 14/14 MP: 1/1
     6 | D:5      | Noticed a phantom
    46 | D:4      | Reached XP level 2. HP: 19/19 MP: 2/2
   101 | D:4      | Identified the +1 broad axe "Qoupot" {freeze, rElec Dex+4}
   122 | D:4      | Slain by a gnoll

Illustrated notes

Levels and vault maps discovered:
D:4:      layout_basic, nemelex_altar_shiori, amcnicky_altar_gilded,
          grunt_decor_junction, roderic_malta_cross, hangedman_decor_points,
          uniq_robin
D:5:      layout_loops_corners, grunt_dithmenos_smoke_and_mirrors, uniq_duvessa

Skill      XL: |  1 |
---------------+----+-----
Short Blades   | 3 |  3.2
Fighting       | |  3.4
Dodging        | |  2.6
Stealth        | |  6.7

Action                   || total
-------------------------++-------
Melee: Short sword       ||     1
  Use: Scroll            ||     1
       Potion            ||     1
 Stab: Sleeping          ||     1
Dodge: Dodged            ||     1

Table legend: (Time is in decaauts)
 A = Elapsed time spent in this place.
 B = Non-inter-level travel time spent in this place.
 C = Inter-level travel time spent in this place.
 D = Time resting spent in this place.
 E = Time spent auto-exploring this place.
 F = Levels seen in this place.
 G = Mean time per level.
                   A        B        C        D        E       F      G
               +--------+--------+--------+--------+--------+-----+--------+
         Total |    106 |    106 |      0 |      0 |     65 |   2 |   53.0 |
       Dungeon |    106 |    106 |      0 |      0 |     65 |   2 |   53.0 |
               +--------+--------+--------+--------+--------+-----+--------+

Top non-repeatable levels by time:
     D:4: 82 daAuts
     D:5: 23 daAuts
